 Dungeon Crawl Stone Soup version 0.21.1-1-g345015f (webtiles) character file.

51 inc the Cudgeler (level 3, 5/27 HPs)
             Began as a Demonspawn Gladiator on June 13, 2018.
             Quit the game on level 2 of the Dungeon.
             The game lasted 00:01:48 (1353 turns).

inc the Cudgeler (Demonspawn Gladiator)             Turns: 1353, Time: 00:01:49

Health: 5/27       AC:  5    Str: 14    XL:     3   Next: 58%
Magic:  3/3        EV: 12    Int: 15    God:
Gold:   76         SH:  0    Dex: 14    Spells: 2/2 levels left

rFire    . . .     SeeInvis .   a - +0 flail
rCold    . . .     Gourm    .   (no shield)
rNeg     . . .     Faith    .   b - +0 leather armour
rPois    .         Spirit   .   c - +0 helmet
rElec    .         Reflect  .   (no cloak)
rCorr    .         Harm     .   (no gloves)
MR       .....                  (no boots)
Stlth    ++........             (no amulet)
HPRegen  0.09/turn              (no ring)
MPRegen  0.08/turn              (no ring)

@: brilliant, lethally poisoned (5 -> -20)
A: rugged brown scales 1, nightstalker 1
a: no special abilities


You were on level 2 of the Dungeon.
You were not hungry.

You visited 1 branch of the dungeon, and saw 2 of its levels.

You collected 76 gold pieces.

Inventory:

Hand Weapons
 a - a +0 flail (weapon)
 l - a +0 short sword
Missiles
 d - 3 throwing nets (quivered)
 i - 32 poisoned needles
Armour
 b - a +0 leather armour (worn)
 c - a +0 helmet (worn)
Jewellery
 n - a cursed ring of stealth {unknown}
Scrolls
 e - a scroll of immolation {unknown}
 g - a scroll of enchant armour {unknown}
 h - 2 scrolls of teleportation {unknown}
 j - a scroll of enchant weapon {unknown}
 k - 3 scrolls of identify {unknown}
Potions
 m - a potion of brilliance
Comestibles
 f - 5 rations
 o - a chunk of flesh


   Skills:
 - Level 2.0 Fighting
 + Level 1.0 Short Blades
 - Level 4.0 Maces & Flails
 - Level 1.7 Throwing
 - Level 2.6 Dodging


You had 2 spell levels left.
You didn't know any spells.

Dungeon Overview and Level Annotations

Branches:
Dungeon (2/15)

Altars:


Innate Abilities, Weirdness & Mutations

You are partially covered in rugged brown scales. (AC +1, +3% HP)
You are slightly more attuned to the shadows.


Message History

You are too injured to fight recklessly!
You are too injured to fight recklessly!
You are too injured to fight recklessly!
You are too injured to fight recklessly!
You are too injured to fight recklessly!
Unknown command.
You sock the kobold!
You kill the kobold!
Your Short Blades skill increases to level 1!
You feel sick. The bat barely misses you. The adder bites you.
Unknown command.
Okay, then.
It was a potion of brilliance.
You feel clever all of a sudden.
* * * LOW HITPOINT WARNING * * *
You feel sick. The bat barely misses you. The adder bites you.
* * * LOW HITPOINT WARNING * * *
You are more poisoned.
The adder poisons you! The bat closely misses you.
Are you sure you want to abandon this character and quit the game? (Confirm with "yes".)

#)......#
.#
#)#######
#
#.....≈≈#
#.....≈≈#
#.....≈≈#
#.....≈.'
#.....≈≈#
#b(...≈≈#
#@....≈≈#
#S#######
.s. .....
.......
#........
'.........


You could see an adder, a giant cockroach and a bat.

Vanquished Creatures
  4 bats (D:1)
  3 giant cockroaches
  6 goblins
  8 hobgoblins
  8 jackals (D:1)
  2 frilled lizards (D:1)
  9 kobolds
  6 rats
46 creatures vanquished.

Notes
Turn   | Place    | Note
-------+----------+-------------------------------------------
     0 | D:1      | inc the Demonspawn Gladiator began the quest for the Orb.
     0 | D:1      | Reached XP level 1. HP: 16/16 MP: 1/1
    65 | D:1      | Reached skill level 3 in Maces & Flails
    78 | D:1      | Gained mutation: You are partially covered in rugged brown scales. (AC +1, +3% HP) [demonic ancestry]
    78 | D:1      | Reached XP level 2. HP: 12/22 MP: 2/2
   698 | D:1      | Gained mutation: You are slightly more attuned to the shadows. [demonic ancestry]
   698 | D:1      | Reached XP level 3. HP: 25/27 MP: 3/3
   749 | D:1      | Reached skill level 4 in Maces & Flails
  1351 | D:2      | Reached skill level 1 in Short Blades
  1353 | D:2      | Quit the game

Skill      XL: |  1  2  3 |
---------------+----------+-----
Maces & Flails | 3 4 |  4.0
Short Blades   | 1 |  1.0
Fighting       | |  2.0
Throwing       | |  1.7
Dodging        | |  2.6

Action                   || total
-------------------------++-------
Melee: Flail             ||   130
       Short sword       ||    19
  Use: Potion            ||     1
 Stab: Sleeping          ||     1
  Eat: Chunk             ||     2
Armor: Leather armour    ||    71
Dodge: Dodged            ||   140
